[Event "Titled Tuesday Blitz January 31 Early 2023"]
[White "Salimova, Nurgyul"]
[Black "Baches Garcia, Guillermo"]
[WhiteFideId "2915138"]
[BlackFideId "2209764"]
[WhiteElo "2391"]
[BlackElo "2327"]
[Result "0-1"]
[Round "01"]
[TimeControl "180+2"]
[Date "2023.01.31"]
[WhiteClock "0:00:02"]
[BlackClock "0:00:39"]

1. d4 Nf6 2. Nf3 e6 3. c4 d5 4. Nc3 c5 5. cxd5 Nxd5 6. e4 Nxc3 7. bxc3 cxd4 8. cxd4 Bb4+ 9. Bd2 Bxd2+ 10. Qxd2 O-O 11. Bc4 Nd7 12. O-O b6 13. Rfe1 Bb7 14. Rad1 Rc8 15. Bb3 Re8 16. h4 h6 17. Qf4 Qc7 18. e5 Bxf3 19. Qxf3 b5 20. Qf4 a5 21. Re3 a4 22. Rg3 axb3 23. Qxh6 g6 24. h5 Nf8 25. axb3 Qc2 26. Rd2 Qf5 27. Rdd3 Ra8 28. Kh2 Ra1 29. Rdf3 Qb1 30. Rg5 Qh1+ 31. Kg3 Rg1 32. Kf4 Rxg2 33. Rfg3 Qc1+ 34. Kg4 Rxg3+ 35. Kxg3 Qc3+ 36. f3 Qxd4 37. hxg6 Qg1+ 38. Kf4 Nxg6+ 39. Rxg6+ Qxg6 0-1


[Site "https://www.chess.com"]

[Event "Titled Tuesday Blitz January 31 Early 2023"]
[White "Postny, Evgeny"]
[Black "Rodriguez, Santiago"]
[WhiteFideId "2804344"]
[BlackFideId "3000591"]
[WhiteElo "2549"]
[BlackElo "2252"]
[Result "1-0"]
[Round "01"]
[TimeControl "180+2"]
[Date "2023.01.31"]
[WhiteClock "0:00:07"]
[BlackClock "0:00:03"]

1. e4 c5 2. Nf3 Nc6 3. d4 cxd4 4. Nxd4 e5 5. Nb5 d6 6. c4 Be7 7. N1c3 a6 8. Na3 Be6 9. Be2 Bg5 10. O-O h6 11. Nc2 Nf6 12. Ne3 Nd4 13. b3 Qa5 14. Bd2 Bxe3 15. fxe3 Nxe2+ 16. Qxe2 Qc5 17. h3 Rc8 18. Rf3 b5 19. cxb5 axb5 20. b4 Qc4 21. Qxc4 Bxc4 22. a4 bxa4 23. Rxa4 O-O 24. Be1 Bd3 25. b5 Ra8 26. Rb4 Ra1 27. Kf2 Rb8 28. Bd2 Ra3 29. Kg1 Rxc3 30. Bxc3 Nxe4 31. Be1 Rxb5 32. Rxb5 Bxb5 33. h4 d5 34. Rh3 h5 35. Bb4 f6 36. Rh1 Ng3 37. Rh3 Ne4 38. Rh1 Kf7 39. Kh2 Ke6 40. Ra1 g5 41. hxg5 fxg5 42. Ra8 Kf5 43. Ra7 d4 44. exd4 exd4 45. Ra5 d3 46. Rxb5+ Kg4 47. Rd5 Nf2 48. Be1 Nd1 49. Rxd3 1-0


[Site "https://www.chess.com"]

[Event "Titled Tuesday Blitz January 31 Early 2023"]
[White "Kukhmazov, Arsen"]
[Black "Gatterer, Florian"]
[WhiteFideId "24108260"]
[BlackFideId "811688"]
[WhiteElo "2512"]
[BlackElo "2170"]
[Result "1-0"]
[Round "01"]
[TimeControl "180+2"]
[Date "2023.01.31"]
[WhiteClock "0:00:19"]
[BlackClock "0:00:21"]

1. b3 Nf6 2. Bb2 g6 3. Bxf6 exf6 4. c4 d5 5. cxd5 Qxd5 6. Nc3 Qa5 7. a3 c5 8. Qc2 Be7 9. e3 O-O 10. h4 h5 11. Bd3 Kg7 12. Nge2 Nc6 13. Nf4 Ne5 14. Be4 Rb8 15. O-O f5 16. Bd5 Bxh4 17. b4 Qd8 18. bxc5 Bg5 19. Nh3 Bf6 20. d4 Ng4 21. Bf3 Qc7 22. g3 h4 23. Nd5 Qd8 24. Nxf6 Qxf6 25. Rae1 Rh8 26. Bg2 Qd8 27. d5 Qf6 28. e4 hxg3 29. fxg3 Qe5 30. Qd3 fxe4 31. Rxe4 Qb2 32. Qd4+ Qxd4+ 33. Rxd4 Rxh3 34. Bxh3 Ne3 35. Rf3 Nxd5 36. Bxc8 Rxc8 37. Rxd5 b6 38. Rd7 Kh6 39. Rfxf7 Rxc5 40. Rxa7 Kg5 41. Kg2 Rc2+ 42. Kh3 Rc3 43. Rae7 Rc6 44. Re5+ Kh6 45. Rf4 Rc3 46. a4 Ra3 47. Rfe4 Kg7 48. Rb5 Kf6 49. Rxb6+ Kf5 50. Rf4+ Ke5 51. Rb5+ Ke6 52. a5 g5 53. Rxg5 Rc3 54. Rh5 Ra3 55. Rg4 Kf6 56. Rf4+ Ke6 57. Kg4 Ra1 58. Kg5 Rxa5+ 59. Kg6 Ra3 60. Rf6+ Ke7 61. Rh7+ Ke8 62. g4 Rg3 63. g5 Rg2 64. Ra6 Rxg5+ 65. Kxg5 1-0


[Site "https://www.chess.com"]

[Event "Titled Tuesday Blitz January 31 Early 2023"]
[White "Fier, Alexandr"]
[Black "Mosquera, Miguel"]
[WhiteFideId "2107139"]
[BlackFideId "4401131"]
[WhiteElo "2589"]
[BlackElo "2371"]
[Result "1-0"]
[Round "01"]
[TimeControl "180+2"]
[Date "2023.01.31"]
[WhiteClock "0:01:46"]
[BlackClock "0:00:04"]

1. d4 Nf6 2. Nc3 d5 3. Bg5 h6 4. Bxf6 exf6 5. g3 Be6 6. Bg2 Bb4 7. e3 Nc6 8. Ne2 Ne7 9. Nf4 Qd7 10. a3 Bxc3+ 11. bxc3 O-O 12. h4 Bg4 13. Qb1 c5 14. O-O c4 15. e4 g5 16. hxg5 fxg5 17. Nxd5 Nxd5 18. exd5 Rab8 19. Qb4 Rfc8 20. Rfe1 Bh3 21. Re7 Qf5 22. Be4 Qf6 23. d6 a5 24. Qb6 Rd8 25. Rxb7 Rxb7 26. Qxb7 Qxd6 27. a4 Re8 28. Bf3 Rb8 29. Qe4 Qd7 30. Kh2 Bf5 31. Qe2 Rb2 32. Qxc4 Rxc2 33. Kg1 Bg6 34. Re1 Qf5 35. Be2 Qf6 36. Qc5 Kh7 37. Qxa5 1-0


[Site "https://www.chess.com"]

[Event "Titled Tuesday Blitz January 31 Early 2023"]
[White "Cherniaiev, Tykhon"]
[Black "Fernandez Garcia, Gumersindo"]
[WhiteFideId "14182360"]
[BlackFideId "24516740"]
[WhiteElo "2330"]
[BlackElo "2160"]
[Result "1-0"]
[Round "01"]
[TimeControl "180+2"]
[Date "2023.01.31"]
[WhiteClock "0:00:38"]
[BlackClock "0:00:16"]

1. Nf3 Nf6 2. d4 g6 3. c4 Bg7 4. Nc3 O-O 5. e4 d6 6. Be2 Nbd7 7. O-O e5 8. h3 Re8 9. d5 Nh5 10. Re1 Bf8 11. Bf1 a5 12. a3 Ng7 13. Bh6 Be7 14. Qd2 Nc5 15. Rad1 f5 16. Bxg7 Kxg7 17. exf5 Bxf5 18. b4 axb4 19. axb4 Na6 20. Nb5 Rf8 21. Re3 Kg8 22. Ra3 Qd7 23. c5 Be4 24. Ng5 Bxg5 25. Qxg5 Qf7 26. Qe3 Bxd5 27. cxd6 cxd6 28. Nxd6 Qe6 29. Rxd5 Nxb4 30. Rxa8 Nxd5 31. Rxf8+ Kxf8 32. Qc5 b6 33. Qc6 Ne7 34. Qe8+ Kg7 35. Nc8 Qxc8 36. Qxe7+ Kg8 37. Qxe5 1-0


[Site "https://www.chess.com"]

[Event "Titled Tuesday Blitz January 31 Early 2023"]
[White "Gheorghiu, Calin"]
[Black "Averjanov, Alexey"]
[WhiteFideId "1200305"]
[BlackFideId "14109867"]
[WhiteElo "2313"]
[BlackElo "2399"]
[Result "0-1"]
[Round "01"]
[TimeControl "180+2"]
[Date "2023.01.31"]
[WhiteClock "0:00:01"]
[BlackClock "0:00:17"]

1. e4 c6 2. d4 d5 3. e5 Bf5 4. Nf3 e6 5. Be2 Nd7 6. O-O h6 7. a4 a5 8. h4 Ne7 9. Be3 Bg4 10. Nh2 Bxe2 11. Qxe2 Nf5 12. h5 Qh4 13. c3 Be7 14. Nd2 Nxe3 15. fxe3 O-O 16. Rf4 Qg5 17. Rg4 Qf5 18. e4 dxe4 19. Rf1 Qh7 20. Nxe4 Kh8 21. Rgf4 Rae8 22. Ng4 Kg8 23. Qf3 f5 24. exf6 Nxf6 25. Ngxf6+ Bxf6 26. Nxf6+ Rxf6 27. Rxf6 gxf6 28. Qxf6 Qg7 29. Qf4 e5 30. dxe5 Rxe5 31. Qc4+ Kh8 32. Rf7 Qg8 33. Qf4 Qg5 34. Rf8+ Kh7 35. Qf7+ Qg7 36. Qf3 Qg5 37. Rb8 Qc1+ 0-1


[Site "https://www.chess.com"]

[Event "Titled Tuesday Blitz January 31 Early 2023"]
[White "Urbina Perez, Juan Antonio"]
[Black "Harshavardhan G B"]
[WhiteFideId "2217368"]
[BlackFideId "25059009"]
[WhiteElo "2266"]
[BlackElo "2408"]
[Result "0-1"]
[Round "01"]
[TimeControl "180+2"]
[Date "2023.01.31"]
[WhiteClock "0:00:25"]
[BlackClock "0:00:13"]

1. e4 e5 2. Nf3 Nc6 3. Bb5 a6 4. Ba4 d6 5. c3 f5 6. exf5 Bxf5 7. O-O Bd3 8. Re1 Be7 9. Re3 e4 10. Ne1 Bg5 11. Rg3 Bh4 12. Qh5+ Kf8 13. Rh3 Bxf2+ 14. Kxf2 Qf6+ 15. Ke3 Nge7 16. Nxd3 Nf5+ 17. Ke2 exd3+ 18. Rxd3 Qe5+ 19. Kf2 g6 20. Qf3 Re8 21. Bxc6 Qe1# 0-1


[Site "https://www.chess.com"]

[Event "Titled Tuesday Blitz January 31 Early 2023"]
[White "Acor, Corey"]
[Black "Heinemann, Josefine"]
[WhiteFideId "2024861"]
[BlackFideId "12900460"]
[WhiteElo "2216"]
[BlackElo "2289"]
[Result "1-0"]
[Round "01"]
[TimeControl "180+2"]
[Date "2023.01.31"]
[WhiteClock "0:00:13"]
[BlackClock "0:00:28"]

1. e4 e5 2. Nc3 Nf6 3. g3 d5 4. exd5 Nxd5 5. Bg2 Nxc3 6. bxc3 Bc5 7. Nf3 Nc6 8. O-O O-O 9. Re1 h6 10. Rb1 Bb6 11. d3 Re8 12. Be3 Bf5 13. Nh4 Bh7 14. c4 Bxe3 15. Rxe3 Rb8 16. Rxb7 Rxb7 17. Bxc6 Rb2 18. Bxe8 Qxe8 19. Qa1 Rxc2 20. Rxe5 Qd7 21. Rd5 Qc8 22. Qd4 Rc1+ 23. Kg2 Qb7 24. Nf3 Bg6 25. h4 Rd1 26. Qe3 Qb1 27. Rd8+ Kh7 28. Qe8 Bxd3 29. Qg8+ Kg6 30. Ne5+ Kf5 31. Qxf7+ Kxe5 32. Rd5+ Ke4 33. Qf4# 1-0


[Site "https://www.chess.com"]

[Event "Titled Tuesday Blitz January 31 Early 2023"]
[White "Wahedi, Ahmad Siar"]
[Black "Halkias, Stelios"]
[WhiteFideId "4651260"]
[BlackFideId "4201809"]
[WhiteElo "2274"]
[BlackElo "2511"]
[Result "0-1"]
[Round "01"]
[TimeControl "180+2"]
[Date "2023.01.31"]
[WhiteClock "0:00:28"]
[BlackClock "0:00:18"]

1. e4 e5 2. Nf3 Nc6 3. Bb5 a6 4. Ba4 Nf6 5. O-O Be7 6. d3 b5 7. Bb3 d6 8. c3 O-O 9. h3 Nb8 10. Re1 Nbd7 11. Nbd2 Bb7 12. Nf1 Re8 13. Ng3 Nc5 14. Bc2 Bf8 15. b4 Ne6 16. a4 c5 17. d4 cxd4 18. cxd4 d5 19. dxe5 Nxe4 20. Nxe4 dxe4 21. Qxd8 Rexd8 22. Bxe4 Bxe4 23. Rxe4 Rd1+ 24. Re1 Rxe1+ 25. Nxe1 Bxb4 26. Bb2 Bxe1 27. Rxe1 b4 28. a5 Rc8 29. Rd1 h5 30. Bc1 b3 31. Be3 Rc2 32. Rb1 b2 33. Kh2 Kf8 34. g4 hxg4 35. hxg4 Ke8 36. Kg3 Kd7 37. f4 Kc6 38. f5 Nc5 39. Bd4 Nd3 40. e6 fxe6 41. fxe6 g5 42. Bf6 Rc1 43. e7 Kd7 44. Rxb2 Nxb2 45. Bxb2 Rc5 46. Bf6 Rxa5 47. Kf3 Rb5 48. Ke4 a5 49. Kd4 a4 50. Kc4 Ra5 51. Kb4 Ra8 52. Bxg5 a3 53. Bf6 a2 54. Ba1 Kxe7 55. g5 Ke6 56. g6 Kf5 57. g7 Kg6 58. Kb3 Kf7 59. Kb4 Kg8 60. Kb3 Kf7 61. Kc2 Rb8 62. Bb2 Rb7 63. Kc1 Rc7+ 64. Kd1 Rc4 65. Kd2 Rc6 66. Kd1 Ra6 67. Kc2 a1=Q 0-1


[Site "https://www.chess.com"]

[Event "Titled Tuesday Blitz January 31 Early 2023"]
[White "Begunov, Konstantin"]
[Black "Oganian, Miran"]
[WhiteFideId "4118510"]
[BlackFideId "4122488"]
[WhiteElo "2325"]
[BlackElo "2439"]
[Result "0-1"]
[Round "01"]
[TimeControl "180+2"]
[Date "2023.01.31"]
[WhiteClock "0:00:08"]
[BlackClock "0:00:04"]

1. d4 e6 2. c4 d5 3. Nc3 a6 4. cxd5 exd5 5. Nf3 Nf6 6. Bg5 c6 7. Qc2 Nbd7 8. e3 Be7 9. Bd3 O-O 10. O-O Re8 11. Rab1 Nf8 12. b4 Bd6 13. a4 Bg4 14. Nd2 Bh5 15. Kh1 Bg6 16. b5 axb5 17. axb5 Bxd3 18. Qxd3 Ng6 19. Nf3 h6 20. Bxf6 Qxf6 21. bxc6 bxc6 22. Rb6 Rec8 23. Ne2 Ra2 24. Ng3 Bc7 25. Rb7 Bd6 26. Qf5 Qxf5 27. Nxf5 Bf8 28. Kg1 c5 29. dxc5 Rxc5 30. N3d4 Ne5 31. Rb8 g6 32. Nxh6+ Kg7 33. h3 Bd6 34. Nhf5+ gxf5 35. Nxf5+ Kg6 36. Nxd6 Rc6 37. Rd8 Rb2 38. g4 Rcc2 39. Nf5 Nf3+ 40. Kg2 Nd2 41. Rd6+ Kh7 42. Ra1 Rb8 43. Ra7 Rf8 44. Rf6 Ne4 45. Rfxf7+ Rxf7 46. Rxf7+ Kg6 47. Rg7+ Kf6 48. Rd7 Rxf2+ 49. Kg1 Rd2 50. Rd6+ Ke5 51. Rd8 Ng5 52. h4 Nh3+ 53. Kf1 Ke4 54. h5 Kf3 55. Nd4+ Kg3 56. Ke1 Rh2 57. h6 Ng5 58. Rg8 Rh1+ 59. Ke2 Rh2+ 60. Kd3 Ne4 61. Ne2+ Kf2 62. Rf8+ Ke1 63. g5 Nxg5 64. Nf4 Ne4 65. Kd4 Rxh6 66. Nxd5 Ng5 67. e4 Ne6+ 68. Ke5 Nxf8 69. Nf6 Ng6+ 70. Kf5 Ne7+ 71. Ke6 Ng8 72. e5 Ke2 73. Kf7 Ne7 74. Kxe7 Kd3 75. e6 Kd4 76. Nd7 Kd5 77. Nf8 Rh1 78. Kf7 Rf1+ 79. Ke7 Ke5 80. Nd7+ Kf5 81. Nf8 Kg5 82. Nd7 Re1 83. Nf8 Kh6 84. Kd8 Rd1+ 85. Ke8 Kg7 86. e7 Kf6 87. Nh7+ Kg7 88. Ng5 Kf6 89. Nh7+ Ke6 90. Kf8 Re1 91. Ke8 Ra1 92. Kf8 Rf1+ 93. Ke8 Kd6 94. Nf6 Ra1 95. Kd8 Ra8# 0-1


[Site "https://www.chess.com"]

[Event "Titled Tuesday Blitz January 31 Early 2023"]
[White "Kopylov, Alexander A."]
[Black "Belov, Alexei"]
[WhiteFideId "4164857"]
[BlackFideId "4128206"]
[WhiteElo "2397"]
[BlackElo "2421"]
[Result "1-0"]
[Round "01"]
[TimeControl "180+2"]
[Date "2023.01.31"]
[WhiteClock "0:01:26"]
[BlackClock "0:00:20"]

1. d4 e6 2. c4 d5 3. Nc3 Be7 4. Bf4 Nf6 5. e3 O-O 6. Nf3 Nbd7 7. a3 a6 8. cxd5 exd5 9. Be2 c6 10. O-O Re8 11. h3 Nf8 12. b4 Ng6 13. Bh2 Bd6 14. Bxd6 Qxd6 15. Qb3 Bf5 16. a4 Ne4 17. b5 axb5 18. axb5 h6 19. Rfc1 Qf6 20. Rxa8 Rxa8 21. bxc6 bxc6 22. Na4 Nh4 23. Nc5 Nxf3+ 24. Bxf3 Nxc5 25. dxc5 Ra1 26. Qb8+ Kh7 27. Rxa1 Qxa1+ 28. Kh2 f6 29. Bh5 Bd7 30. f4 Qc3 31. Bf7 1-0


[Site "https://www.chess.com"]

[Event "Titled Tuesday Blitz January 31 Early 2023"]
[White "Jimenez, Joaquin"]
[Black "Wong, Yinn Long"]
[WhiteFideId "109860"]
[BlackFideId "5707684"]
[WhiteElo "2195"]
[BlackElo "2371"]
[Result "0-1"]
[Round "01"]
[TimeControl "180+2"]
[Date "2023.01.31"]
[WhiteClock "0:01:20"]
[BlackClock "0:01:04"]

1. e4 c6 2. c4 e5 3. Nf3 Nf6 4. Nc3 Bb4 5. d3 O-O 6. Bg5 h6 7. Bh4 d6 8. h3 Nbd7 9. g4 g5 10. Bg3 Nc5 11. Be2 Ne6 12. h4 Kg7 13. hxg5 hxg5 14. Qd2 Nd7 15. O-O-O Nf4 16. Bxf4 exf4 17. a3 Bc5 18. d4 Bb6 19. Bd3 Rh8 20. Rxh8 Qxh8 21. Nxg5 Bxd4 22. Qxf4 Ne5 23. Ne2 Bc5 24. Ng3 Bxg4 25. Rh1 Nxd3+ 0-1


[Site "https://www.chess.com"]

[Event "Titled Tuesday Blitz January 31 Early 2023"]
[White "Preotu, Razvan"]
[Black "Gonzalez, Francisco Silva"]
[WhiteFideId "2613280"]
[BlackFideId "1512285"]
[WhiteElo "2475"]
[BlackElo "2021"]
[Result "1-0"]
[Round "01"]
[TimeControl "180+2"]
[Date "2023.01.31"]
[WhiteClock "0:01:29"]
[BlackClock "0:01:25"]

1. e4 e5 2. Nf3 Nc6 3. Bc4 Bc5 4. c3 Nf6 5. d3 d6 6. O-O a6 7. a4 Ba7 8. Re1 h6 9. Nbd2 g5 10. b4 g4 11. Nh4 Nxe4 12. Nxe4 Qxh4 13. d4 Kf8 14. b5 Nxd4 15. cxd4 Bxd4 16. Ra2 axb5 17. axb5 Rxa2 18. Bxa2 f5 19. Ng3 Qf6 20. Be3 Bxe3 21. fxe3 Qg5 22. Qb3 Rh7 23. Rf1 Ke7 24. Qd3 e4 25. Nxe4 Qg7 26. Ng3 Qe5 27. Nxf5+ Bxf5 28. Rxf5 Qa1+ 29. Rf1 Qg7 30. Rf7+ Qxf7 31. Bxf7 Rxf7 32. Qe4+ Kd8 33. Qxb7 h5 34. b6 g3 35. Qb8+ Kd7 36. Qxc7+ Ke6 37. Qxf7+ Kxf7 38. b7 h4 39. b8=Q h3 40. hxg3 h2+ 41. Kxh2 Ke6 42. Qf8 d5 43. g4 d4 44. exd4 Kd5 45. g5 Ke4 46. g6 Kd3 47. g7 Kc2 48. g8=Q Kc1 49. Qa2 1-0


[Site "https://www.chess.com"]

[Event "Titled Tuesday Blitz January 31 Early 2023"]
[White "Sowul, Bartosz"]
[Black "Beerdsen, Thomas"]
[WhiteFideId "1137590"]
[BlackFideId "1030108"]
[WhiteElo "2269"]
[BlackElo "2507"]
[Result "0-1"]
[Round "01"]
[TimeControl "180+2"]
[Date "2023.01.31"]
[WhiteClock "0:00:45"]
[BlackClock "0:01:15"]

1. e4 c5 2. Nc3 Nc6 3. Bb5 Na5 4. Nf3 a6 5. Be2 Nc6 6. d4 cxd4 7. Nxd4 e6 8. Be3 Qc7 9. O-O Nf6 10. a4 h5 11. f4 d6 12. Bf3 Bd7 13. Nb3 Be7 14. a5 Rc8 15. Bb6 Qb8 16. Qd2 Rg8 17. f5 Ne5 18. Be2 Rxc3 19. Qxc3 Nxe4 20. Qc7 Qxc7 21. Bxc7 exf5 22. Rad1 Be6 23. Bxh5 Kd7 24. Bb6 g6 25. Bf3 Rc8 26. Bxe4 fxe4 27. Nc5+ Ke8 28. Nxe4 Rxc2 29. Nxd6+ Kf8 30. Nxb7 Rxb2 31. Nc5 Rxb6 32. axb6 Bxc5+ 33. Kh1 Bxb6 34. Rd6 Bc4 35. Re1 Nd3 36. Ra1 Bc5 37. Rd8+ Ke7 38. Rc8 Be6 39. Rb8 Bd5 40. Rxa6 Nf2+ 41. Kg1 Ng4+ 42. Kf1 Bc4+ 43. Ke1 Bxa6 44. h3 Nf6 45. Kd2 Bd6 46. Ra8 Bb5 47. Ra7+ Ke6 48. Ke1 Bc6 49. g4 Bg2 50. Ra6 Bxh3 51. g5 Ne4 52. Ke2 Nxg5 0-1


[Site "https://www.chess.com"]

[Event "Titled Tuesday Blitz January 31 Early 2023"]
[White "Sanchez, Robert"]
[Black "Azarov, Sergei"]
[WhiteFideId "2034360"]
[BlackFideId "13501470"]
[WhiteElo "1966"]
[BlackElo "2582"]
[Result "0-1"]
[Round "01"]
[TimeControl "180+2"]
[Date "2023.01.31"]
[WhiteClock "0:01:40"]
[BlackClock "0:01:01"]

1. e4 e5 2. Nf3 Nc6 3. Bb5 a6 4. Ba4 Nf6 5. d3 b5 6. Bb3 Bc5 7. Nc3 d6 8. Bg5 h6 9. Bh4 g5 10. Nxg5 hxg5 11. Bxg5 Bg4 12. Qd2 Nd4 13. Nd5 Nxd5 14. Bxd8 Nf4 15. f3 Bxf3 16. O-O Nde2+ 17. Kh1 Ng3# 0-1


[Site "https://www.chess.com"]

[Event "Titled Tuesday Blitz January 31 Early 2023"]
[White "Melaugh, Shane"]
[Black "Klekowski, Maciej"]
[WhiteFideId "2509580"]
[BlackFideId "1132717"]
[WhiteElo "2115"]
[BlackElo "2477"]
[Result "1-0"]
[Round "01"]
[TimeControl "180+2"]
[Date "2023.01.31"]
[WhiteClock "0:00:16"]
[BlackClock "0:00:27"]

1. c4 e5 2. Nc3 f5 3. g3 Nf6 4. Bg2 Bb4 5. Nf3 Nc6 6. d3 O-O 7. Bd2 Kh8 8. O-O d6 9. a3 Bxc3 10. Bxc3 Qe8 11. e3 Be6 12. b4 Rd8 13. Rc1 Bf7 14. b5 Nb8 15. h3 b6 16. a4 Nbd7 17. Bb4 Bh5 18. Qc2 Bxf3 19. Bxf3 Qg6 20. Kh2 e4 21. Bg2 Nc5 22. d4 Ne6 23. c5 Ng5 24. cxd6 cxd6 25. Qc7 Rd7 26. Qc6 Qh6 27. h4 Rfd8 28. Kg1 Ng4 29. Qxd7 Rg8 30. Rc7 Nf3+ 31. Bxf3 exf3 32. Qxf5 Nxe3 33. fxe3 Qxe3+ 34. Rf2 Qxd4 35. Bc3 Qd1+ 36. Kh2 1-0


[Site "https://www.chess.com"]

[Event "Titled Tuesday Blitz January 31 Early 2023"]
[White "Devaev, Alexander"]
[Black "Ajay, Karthikeyan"]
[WhiteFideId "4169395"]
[BlackFideId "35011685"]
[WhiteElo "2325"]
[BlackElo "2454"]
[Result "1/2-1/2"]
[Round "01"]
[TimeControl "180+2"]
[Date "2023.01.31"]
[WhiteClock "0:00:12"]
[BlackClock "0:00:08"]

1. Nf3 d5 2. d4 Nf6 3. c4 e6 4. Nc3 Bb4 5. cxd5 exd5 6. Qb3 c5 7. dxc5 Nc6 8. e3 O-O 9. Be2 Bxc5 10. O-O Rb8 11. Rd1 Be6 12. Nd4 Qb6 13. Qxb6 Bxb6 14. Nxe6 fxe6 15. Na4 Ba5 16. Nc5 Kf7 17. Nd3 e5 18. Bd2 Bxd2 19. Rxd2 Ke7 20. Rc1 Rbc8 21. Rdc2 Kd6 22. a3 b6 23. f3 d4 24. e4 Ne7 25. g3 g5 26. Kg2 a5 27. Nf2 Rxc2 28. Rxc2 Rc8 29. Rxc8 Nxc8 30. Bc4 Na7 31. Kf1 b5 32. Bd3 Nd7 33. Ke2 Nc5 34. Nh3 h6 35. Nf2 Na4 36. Nd1 Kc5 37. Kd2 Nc6 38. Kc2 b4 39. Nf2 bxa3 40. bxa3 Nc3 41. Nh3 a4 42. f4 gxf4 43. gxf4 exf4 44. Nxf4 Ne5 45. Ne2 Nxe2 46. Bxe2 Nc4 47. Bxc4 Kxc4 48. Kd2 h5 49. h4 d3 50. e5 Kd5 51. Kxd3 Kxe5 52. Ke3 Kf5 53. Kf3 Ke5 54. Ke3 Kd5 55. Kd3 Ke5 56. Ke3 1/2-1/2


[Site "https://www.chess.com"]

[Event "Titled Tuesday Blitz January 31 Early 2023"]
[White "Shipov, Sergei"]
[Black "Krzywda, Andrzej"]
[WhiteFideId "4113624"]
[BlackFideId "1114565"]
[WhiteElo "2541"]
[BlackElo "2223"]
[Result "1-0"]
[Round "01"]
[TimeControl "180+2"]
[Date "2023.01.31"]
[WhiteClock "0:00:47"]
[BlackClock "0:00:03"]

1. d4 Nf6 2. c4 c5 3. d5 b5 4. cxb5 a6 5. e3 g6 6. Nc3 Bg7 7. a4 O-O 8. Nf3 Bb7 9. e4 e6 10. Be2 exd5 11. exd5 axb5 12. Bxb5 Qe7+ 13. Be3 Ng4 14. O-O Nxe3 15. fxe3 d6 16. Qe2 Nd7 17. Rae1 Ne5 18. Nd2 f5 19. g3 Kh8 20. e4 Ng4 21. exf5 Bd4+ 22. Kh1 Qxe2 23. Rxe2 Bxc3 24. bxc3 Bxd5+ 25. Kg1 Rxf5 26. Rxf5 gxf5 27. Re7 Ne5 28. c4 Bf7 29. Rb7 Kg8 30. Rb6 d5 31. cxd5 Bxd5 32. Rd6 Bf7 33. h3 c4 34. Nb1 Rc8 35. Nc3 Ra8 36. Kf2 Kf8 37. Rf6 Ke7 38. Rxf5 Nd3+ 39. Ke3 Nb4 40. Re5+ Kd6 41. Rf5 Re8+ 42. Ne4+ Rxe4+ 43. Kxe4 Bg6 44. Bxc4 Nc6 45. g4 Ne7 46. Kf4 Bxf5 47. gxf5 Kc5 48. Bb5 Kb6 49. Ke5 h5 50. Ke6 Ng8 51. f6 Nh6 52. f7 1-0


[Site "https://www.chess.com"]

[Event "Titled Tuesday Blitz January 31 Early 2023"]
[White "Matinian, Nikita"]
[Black "Chan, Kim Yew"]
[WhiteFideId "24129100"]
[BlackFideId "5717981"]
[WhiteElo "2407"]
[BlackElo "2340"]
[Result "0-1"]
[Round "01"]
[TimeControl "180+2"]
[Date "2023.01.31"]
[WhiteClock "0:00:02"]
[BlackClock "0:00:12"]

1. e4 c5 2. Nf3 Nc6 3. Bb5 g6 4. O-O Bg7 5. Re1 Nf6 6. Nc3 O-O 7. Bxc6 dxc6 8. e5 Nd5 9. Ne4 b6 10. h3 h6 11. d3 Bf5 12. a3 Qd7 13. c4 Nc7 14. Bf4 Rad8 15. Qc1 Kh7 16. Ng3 Bxd3 17. Rd1 Qc8 18. b4 Ne6 19. Be3 Rd7 20. Qc3 Rfd8 21. Rd2 Kg8 22. Rad1 Bf5 23. Nxf5 gxf5 24. Qc1 f4 25. Rxd7 Rxd7 26. Rxd7 Qxd7 27. Bxf4 Qd3 28. Bxh6 Bxh6 29. Qxh6 Qxc4 30. bxc5 Nxc5 31. Qxc6 Qc1+ 32. Kh2 Qf4+ 33. Kh1 Qc1+ 34. Ng1 Qxa3 35. f4 Nd3 36. Qf3 a5 37. Kh2 Qc3 38. Ne2 Qc4 39. h4 a4 40. h5 Qe6 41. Qxd3 a3 0-1


[Site "https://www.chess.com"]

[Event "Titled Tuesday Blitz January 31 Early 2023"]
[White "Nigmatov, Ortik"]
[Black "Forgacs, Attila Jr."]
[WhiteFideId "14202131"]
[BlackFideId "773654"]
[WhiteElo "2438"]
[BlackElo "2264"]
[Result "0-1"]
[Round "01"]
[TimeControl "180+2"]
[Date "2023.01.31"]
[WhiteClock "0:00:01"]
[BlackClock "0:00:07"]

1. Nf3 Nf6 2. g3 g6 3. Bg2 Bg7 4. O-O O-O 5. d3 d6 6. e4 e5 7. c4 Nc6 8. h3 Ne8 9. Nc3 f5 10. Nd5 Nf6 11. Re1 Nxd5 12. cxd5 Ne7 13. Bd2 f4 14. Rc1 c6 15. dxc6 Nxc6 16. Qb3+ Kh8 17. gxf4 exf4 18. Bc3 Ne5 19. Qd1 Be6 20. d4 Nxf3+ 21. Qxf3 Rc8 22. d5 Bd7 23. Bxg7+ Kxg7 24. Rxc8 Qxc8 25. e5 dxe5 26. Rxe5 Qc1+ 27. Kh2 Qxb2 28. Re7+ Rf7 29. Rxf7+ Kxf7 30. Qxf4+ Bf5 31. Qc7+ Kf6 32. Qd8+ Kf7 33. Qc7+ Kf6 34. d6 Qe5+ 35. Kg1 Qe1+ 36. Kh2 Qe5+ 37. Kg1 Qe1+ 38. Bf1 Bxh3 39. Qd8+ Kg7 40. Kh2 Bxf1 41. Qc7+ Kh6 42. Qc5 Qe6 43. Kg1 Bh3 44. Qc1+ g5 45. Qd2 Qg4+ 46. Kh2 Qg2# 0-1


[Site "https://www.chess.com"]

[Event "Titled Tuesday Blitz January 31 Early 2023"]
[White "Chakravarthi Reddy, M"]
[Black "Goltsev, Dmitry"]
[WhiteFideId "25009532"]
[BlackFideId "24176710"]
[WhiteElo "2279"]
[BlackElo "2269"]
[Result "0-1"]
[Round "01"]
[TimeControl "180+2"]
[Date "2023.01.31"]
[WhiteClock "0:00:15"]
[BlackClock "0:01:22"]

1. e4 e6 2. d4 d5 3. e5 c5 4. c3 Nc6 5. Nf3 Qb6 6. Be2 Nge7 7. O-O cxd4 8. h4 Nf5 9. g4 Nh6 10. Bxh6 gxh6 11. Qc2 Rg8 12. Qxh7 Rxg4+ 13. Kh1 Qxb2 14. Nbd2 dxc3 15. Rab1 Qa3 16. Rb3 Qe7 17. Rxc3 Nxe5 18. Nh2 Rxh4 19. Rfc1 Bd7 20. Rc7 Qd6 21. Nf1 Bc6 22. R7xc6 Nxc6 23. Ng3 Qf4 24. Rb1 O-O-O 25. Qc2 Qxf2 26. Nf1 Bd6 27. Rxb7 Rxh2+ 0-1


[Site "https://www.chess.com"]

[Event "Titled Tuesday Blitz January 31 Early 2023"]
[White "Iliaguev, Nisim"]
[Black "Estrada Nieto, Julian"]
[WhiteFideId "2817276"]
[BlackFideId "5101018"]
[WhiteElo "2402"]
[BlackElo "2215"]
[Result "1-0"]
[Round "01"]
[TimeControl "180+2"]
[Date "2023.01.31"]
[WhiteClock "0:01:09"]
[BlackClock "0:00:30"]

1. e4 e5 2. Nf3 Nc6 3. d4 exd4 4. Bc4 Bc5 5. c3 Nf6 6. e5 d5 7. Be2 Ne4 8. cxd4 Bb4+ 9. Bd2 Nxd2 10. Nbxd2 Bg4 11. O-O O-O 12. h3 Bh5 13. a3 Be7 14. Rc1 a6 15. b4 Qd7 16. Nb3 Nd8 17. Nc5 Bxc5 18. bxc5 Ne6 19. Re1 Rfd8 20. Qd2 Qa4 21. Bd1 Qxa3 22. Re3 Qxc1 23. Qxc1 Bxf3 24. Bxf3 Nxd4 25. Rd3 Nxf3+ 26. Rxf3 c6 27. h4 Rd7 28. h5 h6 29. Rg3 Kf8 30. Qf4 Re8 31. Qg4 Re6 32. Qxg7+ Ke7 33. Rf3 Kd8 34. Qf8+ Re8 35. Qxh6 Rxe5 36. Qf6+ Ree7 37. h6 Kc7 38. h7 1-0


[Site "https://www.chess.com"]

[Event "Titled Tuesday Blitz January 31 Early 2023"]
[White "Dourerassou, Jonathan"]
[Black "Yirik, Volkan"]
[WhiteFideId "628050"]
[BlackFideId "6300782"]
[WhiteElo "2414"]
[BlackElo "1957"]
[Result "1-0"]
[Round "01"]
[TimeControl "180+2"]
[Date "2023.01.31"]
[WhiteClock "0:02:15"]
[BlackClock "0:01:58"]

1. d4 Nf6 2. Bg5 e6 3. e4 h6 4. Bxf6 Qxf6 5. Nf3 d6 6. Nc3 a6 7. e5 dxe5 8. dxe5 Qe7 9. Qd2 g6 10. O-O-O Bg7 11. Ne4 O-O 12. Qc3 b6 13. h4 Bb7 14. Nf6+ Kh8 15. h5 g5 16. Nh2 Bxf6 17. exf6 Qc5 18. Qxc5 bxc5 19. Ng4 Nc6 20. Nxh6 Nd4 21. c3 Nf5 22. Nxf5 exf5 23. Rd7 Rad8 24. Rxc7 Be4 25. f3 Bd5 26. c4 Be6 27. Be2 Rd4 28. Rxc5 Rfd8 29. Rd1 f4 30. Rxd4 Rxd4 31. Rxg5 Bxc4 32. Bxc4 Rxc4+ 33. Kd2 1-0


[Site "https://www.chess.com"]